 Dungeon Crawl Stone Soup version 0.25-a0-23-gdc1bd94 (webtiles) character file.

Game seed: 12153813278657836966, levelgen mode: deterministic

8582 Faca the Thaumaturge (level 11, -2/81 HPs)
             Began as a Gnoll Fire Elementalist on Oct 16, 2019.
             Was a Priest of Vehumet.
             Slain by a shadow (26 damage)
             ... in a Gauntlet.
             The game lasted 00:51:20 (14036 turns).

Faca the Thaumaturge (Gnoll Fire Elementalist)     Turns: 14036, Time: 00:51:20

Health: -2/81      AC: 10    Str: 13    XL:     11   Next: 33%
Magic:  23/23      EV: 15    Int: 22    God:    Vehumet [***...]
Gold:   687        SH: 10    Dex: 15    Spells: 12/26 levels left

rFire    . . .     SeeInvis .   G - +1 dagger (elec)
rCold    . . .     Gourm    .   v - +0 buckler
rNeg     . . .     Faith    .   E - +0 ring mail
rPois    +         Spirit   .   m - +1 helmet
rElec    .         Reflect  +   A - scarf {repulsion}
rCorr    .         Harm     .   L - +1 pair of gloves
MR       .....     NoTele   +   (no boots)
Stlth    +++.......             D - +4 amulet of reflection
HPRegen  0.23/turn              q - +3 ring of intelligence
MPRegen  0.18/turn              u - ring of poison resistance

@: repel missiles
A: distributed training, fangs 1, strong nose
a: Renounce Religion


You were in a Gauntlet.
You worshipped Vehumet.
Vehumet was most pleased with you.
You were not hungry.

You visited 2 branches of the dungeon, and saw 12 of its levels.
You also visited: Sewer, Ossuary and Gauntlet.

You collected 687 gold pieces.

Inventory:

Hand Weapons
 G - a +1 dagger of electrocution (weapon)
 M - a +0 rapier
Missiles
 i - 11 boomerangs
 r - 7 boomerangs of dispersal (quivered)
 s - 45 poisoned darts
Armour
 m - a +1 helmet (worn)
 v - a +0 buckler (worn)
 A - a scarf of repulsion (worn)
 E - a +0 ring mail (worn)
 L - a +1 pair of gloves (worn)
Magical Staves
 O - an uncursed staff of air
 R - an uncursed staff of conjuration
Jewellery
 o - an uncursed ring of ice
 q - a +3 ring of intelligence (left hand)
 u - a ring of poison resistance (right hand)
 D - a +4 amulet of reflection (around neck)
Wands
 a - a wand of enslavement (8)
 d - a wand of paralysis (5)
 n - a wand of polymorph (3)
 B - a wand of digging (5)
 H - a wand of random effects (21)
 K - a wand of iceblast (10)
 Q - a wand of disintegration (12)
Scrolls
 e - 2 scrolls of fear
 f - 3 scrolls of enchant weapon
 g - 5 scrolls of remove curse
 h - 4 scrolls of enchant armour
 l - 8 scrolls of teleportation
 x - a scroll of holy word
 y - 3 scrolls of fog
 J - a scroll of magic mapping
Potions
 b - a potion of heal wounds
 j - 2 potions of haste
 k - 9 potions of curing
 p - 8 potions of flight
 t - a potion of magic
 w - 2 potions of cancellation
 z - a potion of might
 C - a potion of agility
 F - 2 potions of mutation
 I - a potion of brilliance
 N - a potion of lignification
 P - a potion of berserk rage {unknown}
Comestibles
 c - 19 rations


   Skills:
 + Level 6.1 Fighting
 + Level 6.1 Short Blades
 + Level 6.1 Long Blades
 + Level 6.1 Axes
 + Level 6.1 Maces & Flails
 + Level 6.1 Polearms
 + Level 6.1 Staves
 + Level 6.1 Slings
 + Level 6.1 Bows
 + Level 6.1 Crossbows
 + Level 6.1 Throwing
 + Level 6.1 Armour
 + Level 7.7 Dodging
 + Level 7.4 Stealth
 + Level 6.1 Shields
 + Level 6.1 Unarmed Combat
 + Level 8.0 Spellcasting
 + Level 5.5 Conjurations
 + Level 5.0 Hexes
 + Level 5.0 Charms
 + Level 5.0 Summonings
 + Level 5.0 Necromancy
 + Level 5.0 Translocations
 + Level 5.0 Transmutations
 + Level 7.5 Fire Magic
 + Level 5.0 Ice Magic
 + Level 5.0 Air Magic
 + Level 5.0 Earth Magic
 + Level 5.0 Poison Magic
 + Level 6.7 Invocations
 + Level 6.1 Evocations


You had 12 spell levels left.
You knew the following spells:

 Your Spells              Type           Power        Failure   Level  Hunger
a - Flame Tongue          Conj/Fire      #####        1%          1    None
b - Throw Flame           Conj/Fire      #####.       1%          2    None
c - Conjure Flame         Conj/Fire      #####...     1%          3    None
d - Mephitic Cloud        Conj/Pois/Air  ####....     1%          3    None
e - Fireball              Conj/Fire      #####.....   7%          5    #####..

Your spell library contained the following spells:

 Spells                   Type           Power        Failure   Level  Hunger
 Stone Arrow              Conj/Erth      ####..       1%          3    None
 Dazzling Spray           Conj/Hex       ####..       1%          3    None
 Inner Flame              Hex/Fire       #####...     1%          3    None
 Sticky Flame             Conj/Fire      #####...     2%          4    ###....
 Fulminant Prism          Conj/Hex       ####......   4%          4    ###....
 Call Canine Familiar     Summ           ####....     5%          3    None
 Tukima's Dance           Hex            ####....     5%          3    None
 Invisibility             Hex            ####....     95%         6    ######.


Dungeon Overview and Level Annotations

Branches:
Dungeon (11/15)            Temple (1/1) D:6            Lair (0/6) D:10
  Sewer (visited)         Ossuary (visited)         Gauntlet (1/1)
    Orc: D:9-12

Altars:
Ashenzari
Cheibriados
Dithmenos
Elyvilon
Gozag
Hepliaklqana
Makhleb
Okawaru
Qazlal
Sif Muna
Trog
Vehumet
Wu Jian
Xom
Yredelemnul
Zin
The Shining One

Annotations:
D:6 3 runed translucent doors, Dittersdorf's ghost, novice MfFi
D:7 Harold Gauntlet 7 transporters, 2 runed translucent doors


Innate Abilities, Weirdness & Mutations

Your experience applies equally to all skills.
You have very sharp teeth.
Your uncanny sense of smell can sniff out nearby items.


Message History

You block the shadow's attack. The shadow hits you!
You block the shadow's attack.
The shadow slips into darkness.
The shadow flickers and vanishes!
Deactivating autopickup; reactivate with Ctrl-A.
The shadow strikes at you from the darkness!
Reactivating autopickup.
The shadow completely misses you. You block the shadow's attack.
You block the shadow's attack. The shadow hits you. The shadow hits you.
* * * LOW HITPOINT WARNING * * *
The shadow hits you.
The shadow slips into darkness.
The shadow flickers and vanishes!
Deactivating autopickup; reactivate with Ctrl-A.
The shadow strikes at you from the darkness!
You die...

#...©#..#########..#########.
#....#.∩.....................
#....#.......................
#...©#..###########..########
#....#..##........#..#..g....
#..###..#©######..#..#.##..g#
... #§..###....##.#..#x.##.##
#. ##§.##.####.#.####...#.#.
#§..#.##@{.##.#©©#©..#©..
##§.#.#.####.#####...#.#.
#≈..#.##....###..#..##.##
##..#..######.#..#.##...#
#≈..#...W..}%[#..#.......
##..###########..########
#§.......................
##....................§.§
##≈#≈#≈#≈#≈#≈#≈#≈#§#≈#≈#


There were no monsters in sight!

Vanquished Creatures
  2 two-headed ogres (D:8)
  A centaur skeleton (D:11)
  2 trolls (D:10)
  Grinder (D:6)
  Prince Ribbit (D:7)
  2 hippogriffs (D:9)
  4 shadows (Gauntlet)
  A human (D:7)
  4 hogs (D:7)
  2 wyverns
  4 yaks (D:10)
  A water moccasin (D:9)
  An eye of draining (D:9)
  2 orc warriors
  3 black bears
  A phantom (D:10)
  3 ogres
  4 centaurs
  3 big kobolds
  6 bullfrogs
  A wyvern skeleton (D:10)
  A scorpion (D:8)
  2 howler monkeys
  5 wights
  4 jellies
  2 crimson imps
  3 centaur zombies
  4 hounds
  6 orc wizards
  2 bullfrog skeletons
  Crazy Yiuf (D:7)
  5 orc priests
  4 iguanas
  Ijyb (D:5)
  5 worker ants
  2 big kobold zombies (Ossuary)
  A hound zombie (D:5)
  2 mummies (Ossuary)
  13 adders
  2 shadow imps
  An ooze (D:4)
  3 adder zombies (Ossuary)
  An adder skeleton (D:7)
  2 worms
  2 dart slugs
  4 leopard geckos
  26 orcs
  A ball python (D:3)
  6 giant cockroaches
  5 goblins
  5 hobgoblins
  A jackal (D:7)
  3 quokkas
  6 bats
  4 frilled lizards
  9 hobgoblin zombies (Ossuary)
  3 jackal zombies
  22 kobolds
  11 kobold zombies (Ossuary)
  8 orc zombies (Ossuary)
  10 rats
247 creatures vanquished.

Vanquished Creatures (others)
  An orc (D:10)
  A jackal (D:7)
  5 plants (D:10)
7 creatures vanquished.

Grand Total: 254 creatures vanquished

Notes
Turn   | Place    | Note
-------+----------+-------------------------------------------
     0 | D:1      | Faca the Gnoll Fire Elementalist began the quest for the
                  | Orb.
     0 | D:1      | Reached XP level 1. HP: 13/13 MP: 6/6
   267 | D:1      | Reached XP level 2. HP: 10/19 MP: 5/7
  1259 | D:2      | Reached XP level 3. HP: 24/25 MP: 9/9
  1297 | D:2      | Reached skill level 5 in Spellcasting
  1422 | D:2      | Found a shattered altar of Ashenzari.
  1576 | D:2      | Found a white marble altar of Elyvilon.
  1658 | D:2      | Reached skill level 1 in Invocations
  1845 | D:2      | Found an opulent altar of Gozag.
  1848 | D:2      | Found a stormy altar of Qazlal.
  1990 | D:3      | Found a faded altar of an unknown god.
  2020 | D:3      | Found a shadowy altar of Dithmenos.
  2108 | D:3      | Reached skill level 1 in Fighting
  2108 | D:3      | Reached skill level 1 in Short Blades
  2108 | D:3      | Reached skill level 1 in Long Blades
  2108 | D:3      | Reached skill level 1 in Axes
  2108 | D:3      | Reached skill level 1 in Maces & Flails
  2108 | D:3      | Reached skill level 1 in Polearms
  2108 | D:3      | Reached skill level 1 in Staves
  2108 | D:3      | Reached skill level 1 in Slings
  2108 | D:3      | Reached skill level 1 in Bows
  2108 | D:3      | Reached skill level 1 in Crossbows
  2108 | D:3      | Reached skill level 1 in Throwing
  2108 | D:3      | Reached skill level 1 in Armour
  2108 | D:3      | Reached skill level 1 in Shields
  2108 | D:3      | Reached skill level 1 in Unarmed Combat
  2108 | D:3      | Reached skill level 1 in Evocations
  2328 | D:3      | Reached XP level 4. HP: 24/32 MP: 11/11
  2489 | D:3      | Reached skill level 1 in Hexes
  2489 | D:3      | Reached skill level 1 in Charms
  2489 | D:3      | Reached skill level 1 in Summonings
  2489 | D:3      | Reached skill level 1 in Necromancy
  2489 | D:3      | Reached skill level 1 in Translocations
  2489 | D:3      | Reached skill level 1 in Transmutations
  2489 | D:3      | Reached skill level 1 in Ice Magic
  2489 | D:3      | Reached skill level 1 in Air Magic
  2489 | D:3      | Reached skill level 1 in Earth Magic
  2489 | D:3      | Reached skill level 1 in Poison Magic
  2926 | D:3      | You fall into a shaft and drop 1 floor!
  2990 | D:4      | Reached XP level 5. HP: 19/37 MP: 8/12
  3266 | D:4      | Found a glowing drain.
  3285 | Sewer    | Entered a sewer
  3457 | D:4      | Reached XP level 6. HP: 16/44 MP: 13/13
  3708 | D:4      | Learned a level 2 spell: Throw Flame
  3712 | D:4      | Learned a level 3 spell: Conjure Flame
  4623 | D:4      | Reached skill level 5 in Dodging
  4926 | D:4      | Noticed an orc warrior
  5299 | D:4      | Reached XP level 7. HP: 50/50 MP: 1/15
  5792 | D:5      | Entered Level 5 of the Dungeon
  5878 | D:5      | Noticed Ijyb
  5895 | D:5      | Killed Ijyb
  6491 | D:5      | Identified the Disquisition on Ensnaring Illusion
  6532 | D:5      | Found an ornate altar of the Wu Jian Council.
  6739 | D:5      | Reached skill level 5 in Stealth
  7315 | D:5      | Reached XP level 8. HP: 45/57 MP: 12/16
  7631 | D:6      | Noticed Grinder
  7642 | D:6      | Killed Grinder
  7642 | D:6      | Reached skill level 6 in Spellcasting
  7738 | D:6      | Found a staircase to the Ecumenical Temple.
  7761 | Temple   | Entered the Ecumenical Temple
  7769 | Temple   | Became a worshipper of Vehumet
  8420 | D:6      | Found a runed translucent gate.
  8421 | D:6      | Found a runed translucent gate.
  8421 | D:6      | Found a runed translucent gate.
  8423 | D:6      | Noticed Dittersdorf's ghost (novice MfFi)
  8528 | D:7      | Reached XP level 9. HP: 65/65 MP: 18/18
  8558 | D:7      | Noticed a moth of wrath
  8667 | D:7      | Noticed Prince Ribbit
  8680 | D:7      | Killed Prince Ribbit
  8748 | D:7      | Found a sand-covered staircase.
  8758 | Ossuary  | Entered an ossuary
  8913 | Ossuary  | Reached * piety under Vehumet
  8913 | Ossuary  | Offered knowledge of Magic Dart by Vehumet.
  9080 | Ossuary  | Offered knowledge of Shock by Vehumet.
  9136 | Ossuary  | Reached ** piety under Vehumet
  9209 | D:7      | Found a runed translucent door.
  9210 | D:7      | Noticed Crazy Yiuf
  9216 | D:7      | Killed Crazy Yiuf
  9375 | D:7      | Noticed Harold
  9699 | D:7      | Reached skill level 5 in Invocations
 10141 | D:7      | Found a bloodstained altar of Trog.
 10256 | D:7      | Reached XP level 10. HP: 65/73 MP: 20/20
 10427 | D:7      | Found an ornate altar of the Wu Jian Council.
 10478 | D:7      | Reached skill level 7 in Spellcasting
 10722 | D:8      | Noticed a two-headed ogre
 10734 | D:8      | Killed a two-headed ogre
 10734 | D:8      | Reached skill level 5 in Fighting
 10734 | D:8      | Reached skill level 5 in Short Blades
 10734 | D:8      | Reached skill level 5 in Long Blades
 10734 | D:8      | Reached skill level 5 in Axes
 10734 | D:8      | Reached skill level 5 in Maces & Flails
 10734 | D:8      | Reached skill level 5 in Polearms
 10734 | D:8      | Reached skill level 5 in Staves
 10734 | D:8      | Reached skill level 5 in Slings
 10734 | D:8      | Reached skill level 5 in Bows
 10734 | D:8      | Reached skill level 5 in Crossbows
 10734 | D:8      | Reached skill level 5 in Throwing
 10734 | D:8      | Reached skill level 5 in Armour
 10734 | D:8      | Reached skill level 5 in Shields
 10734 | D:8      | Reached skill level 5 in Unarmed Combat
 10734 | D:8      | Reached skill level 5 in Evocations
 11214 | D:8      | Noticed a two-headed ogre
 11225 | D:8      | Killed a two-headed ogre
 11315 | D:8      | Found a burning altar of Makhleb.
 11607 | D:9      | Offered knowledge of Mephitic Cloud by Vehumet.
 11607 | D:9      | Reached skill level 5 in Conjurations
 11612 | D:9      | Learned a level 3 spell: Mephitic Cloud
 11752 | D:9      | Reached *** piety under Vehumet
 12057 | D:10     | Entered Level 10 of the Dungeon
 12757 | D:10     | Found a staircase to the Lair.
 12875 | D:10     | Reached XP level 11. HP: 81/81 MP: 22/22
 13543 | D:11     | Found a gate leading to a gauntlet.
 13568 | Gauntlet | Entered a Gauntlet
 13568 | Gauntlet | Found a transporter.
 13568 | Gauntlet | Found a transporter.
 13568 | Gauntlet | Found a transporter.
 13568 | Gauntlet | Noticed a tengu warrior
 13670 | Gauntlet | Found a transporter.
 13671 | Gauntlet | Found a transporter.
 13674 | Gauntlet | Found a transporter.
 13678 | Gauntlet | Found a runed translucent door.
 13680 | Gauntlet | Found a runed translucent door.
 13681 | Gauntlet | Noticed a worldbinder
 13685 | Gauntlet | Found a transporter.
 13686 | Gauntlet | Found a transporter.
 13688 | Gauntlet | Found a transporter.
 13688 | Gauntlet | Found a transporter.
 13696 | Gauntlet | Found a transporter.
 13696 | Gauntlet | Found a transporter.
 13705 | Gauntlet | Noticed a wretched star
 13830 | Gauntlet | Learned a level 5 spell: Fireball
 13908 | Gauntlet | Offered knowledge of Stone Arrow by Vehumet.
 13908 | Gauntlet | Reached skill level 5 in Hexes
 13908 | Gauntlet | Reached skill level 5 in Charms
 13908 | Gauntlet | Reached skill level 5 in Summonings
 13908 | Gauntlet | Reached skill level 5 in Necromancy
 13908 | Gauntlet | Reached skill level 5 in Translocations
 13908 | Gauntlet | Reached skill level 5 in Transmutations
 13908 | Gauntlet | Reached skill level 5 in Ice Magic
 13908 | Gauntlet | Reached skill level 5 in Air Magic
 13908 | Gauntlet | Reached skill level 5 in Earth Magic
 13908 | Gauntlet | Reached skill level 5 in Poison Magic
 13948 | Gauntlet | Reached skill level 8 in Spellcasting
 14036 | Gauntlet | Slain by a shadow

Levels and vault maps discovered:
D:1:      ncdulo_wetmaze, layout_basic, minmay_crystal_room, minmay_cupped
D:2:      layout_loops_corners, elyvilon_altar_3, minitemple,
          evilmike_ruin_ashenzari
D:3:      layout_loops_corners, nicolae_dithmenos_through_a_glass_darkly,
          first_ration, chequers_ecumenical_altar_grove, minmay_joined_circles
D:4:      layout_cave_pods, portal_sewer_entry_d
D:5:      layout_basic, nicolae_overflow_hidden_temple, uniq_ijyb
D:6:      layout_loops_ring, minmay_temple_entry_grid,
          ebering_ghost_rock_garden, uniq_grinder
D:7:      layout_basic, tgw_trog, chequers_ossuary_entry_cave, basic_altar,
          grunt_livestock, uniq_harold, uniq_prince_ribbit1,
          uniq_crazy_yiuf_cottage
D:8:      layout_basic, kennysheep_mini_moat, kennysheep_small_circle
D:9:      layout_roguey
D:10:     layout_cave_pools, david_lair_shrubbed
D:11:     layout_roguey, gammafunk_ghost_berserking_beasts,
          gauntlet_entry_generic, kennysheep_generic_room_4
Temple:   eino_narrow_crystal_temple
Gauntlet: minmay_gauntlet_mixed_big_or_small [gammafunk_gauntlet_arena_corners,
          minmay_gauntlet_arena_77_double_cross,
          gammafunk_gauntlet_arena_split_x, minmay_gauntlet_arena_77_cramped,
          gammafunk_gauntlet_arena_spirals,
          minmay_gauntlet_arena_77_terracotta_army,
          nicolae_gauntlet_exit_dead_adventurers]

Skill      XL: |  1  2  3  4  5  6  7  8  9 10 11 |
---------------+----------------------------------+-----
Conjurations   | 2 3 4 5 |  5.5
Spellcasting   | 5 6 7 8 |  8.0
Invocations    | 1 2 3 4 5 6 |  6.7
Fighting       | 1 2 3 4 5 6 |  6.1
Short Blades   | 1 2 3 4 5 6 |  6.1
Long Blades    | 1 2 3 4 5 6 |  6.1
Axes           | 1 2 3 4 5 6 |  6.1
Maces & Flails | 1 2 3 4 5 6 |  6.1
Polearms       | 1 2 3 4 5 6 |  6.1
Staves         | 1 2 3 4 5 6 |  6.1
Slings         | 1 2 3 4 5 6 |  6.1
Bows           | 1 2 3 4 5 6 |  6.1
Crossbows      | 1 2 3 4 5 6 |  6.1
Throwing       | 1 2 3 4 5 6 |  6.1
Armour         | 1 2 3 4 5 6 |  6.1
Shields        | 1 2 3 4 5 6 |  6.1
Unarmed Combat | 1 2 3 4 5 6 |  6.1
Evocations     | 1 2 3 4 5 6 |  6.1
Hexes          | 1 2 3 4 5 |  5.0
Charms         | 1 2 3 4 5 |  5.0
Summonings     | 1 2 3 4 5 |  5.0
Necromancy     | 1 2 3 4 5 |  5.0
Translocations | 1 2 3 4 5 |  5.0
Transmutations | 1 2 3 4 5 |  5.0
Ice Magic      | 1 2 3 4 5 |  5.0
Air Magic      | 1 2 3 4 5 |  5.0
Earth Magic    | 1 2 3 4 5 |  5.0
Poison Magic   | 1 2 3 4 5 |  5.0
Dodging        | 5 6 7 |  7.7
Stealth        | 5 6 7 |  7.4
Fire Magic     | 6 7 |  7.5

Action                   |  1- 3 |  4- 6 |  7- 9 | 10-12 || total
-------------------------+-------+-------+-------+-------++-------
Melee: Unarmed           |    13 |       |       |       ||    13
       Short sword       |    85 |   111 |   158 |       ||   354
       Bite              |     7 |    10 |    54 |    46 ||   117
       Dagger            |       |       |   285 |   374 ||   659
 Cast: Flame Tongue      |    15 |    29 |    33 |       ||    77
       Throw Flame       |       |    26 |    42 |     9 ||    77
       Conjure Flame     |       |     2 |     2 |       ||     4
Evoke: Wand              |       |       |     2 |       ||     2
  Use: Scroll            |       |    12 |     9 |     6 ||    27
       Potion            |       |       |     3 |     2 ||     5
 Stab: Sleeping          |     4 |     4 |     5 |    11 ||    24
       Paralysed         |       |       |     2 |       ||     2
  Eat: Chunk             |     3 |     9 |     7 |    10 ||    29
       Ration            |       |     1 |     2 |     1 ||     4
Armor: Robe              |    17 |    12 |     7 |       ||    36
       Ring mail         |       |       |    74 |    56 ||   130
Dodge: Dodged            |    81 |    81 |   207 |   146 ||   515
Block: Buckler           |       |     5 |   128 |   123 ||   256
       Reflection        |       |       |     6 |     8 ||    14

Table legend:
 A = Non-vault XP
 B = Vault XP
 C = Vault XP percentage of total XP
 D = Non-vault monster count
 E = Vault monster count
 F = Vault count percentage of total count
                 A         B        C        D         E       F
            +---------+---------+-------+---------+---------+-------
      Total |    9387 |    2873 |  23.4 |     174 |      74 |  29.8
            +---------+---------+-------+---------+---------+-------
        D:1 |      28 |       4 |  12.5 |      16 |       3 |  15.8
        D:2 |      32 |       0 |   0.0 |      12 |       0 |   0.0
        D:3 |      82 |      70 |  46.1 |      14 |      12 |  46.2
        D:4 |     607 |      14 |   2.3 |      22 |       1 |   4.3
        D:5 |     353 |      36 |   9.3 |      12 |       1 |   7.7
        D:6 |     838 |     286 |  25.4 |      17 |       1 |   5.6
        D:7 |     961 |    1325 |  58.0 |      26 |      12 |  31.6
        D:8 |    2150 |      43 |   2.0 |       9 |       1 |  10.0
        D:9 |    1613 |       0 |   0.0 |      19 |       0 |   0.0
       D:10 |    2259 |       0 |   0.0 |      23 |       0 |   0.0
       D:11 |     464 |       0 |   0.0 |       4 |       0 |   0.0
    Ossuary |       0 |     227 | 100.0 |       0 |      39 | 100.0
   Gauntlet |       0 |     868 | 100.0 |       0 |       4 | 100.0
            +---------+---------+-------+---------+---------+-------
